 Dungeon Crawl Stone Soup version 0.24-a0-176-gc3651c4 (webtiles) character file.

Game seed: 3882975913893126103

606 emperorscorpion the Skirmisher (level 7, -3/64 HPs)
             Began as a Minotaur Berserker on Mar 12, 2019.
             Was a Believer of Trog.
             Slain by a bullfrog (8 damage)
             ... on level 6 of the Dungeon.
             The game lasted 00:02:39 (298 turns).

emperorscorpion the Skirmisher (Minotaur Berserker)  Turns: 298, Time: 00:02:40

Health: -3/64      AC:  3    Str: 21 (24) XL:     7   Next: 19%
Magic:  6/6        EV: 12    Int:  1 (4)  God:    Trog [**....]
Gold:   68         SH:  0    Dex:  6 (9)  Spells: 6/6 levels left

rFire    . . .     SeeInvis .   a - +1 hand axe (chop)
rCold    . . .     Gourm    .   (no shield)
rNeg     . . .     Faith    .   b - +0 animal skin
rPois    .         Spirit   .   (helmet restricted)
rElec    .         Reflect  .   (no cloak)
rCorr    .         Harm     .   g - +0 pair of gloves (curse)
MR       .....                  (no boots)
Stlth    +.........             (no amulet)
HPRegen  0.20/turn              (no ring)
MPRegen  0.10/turn              (no ring)

@: berserk cooldown
A: retaliatory headbutt, horns 2
a: Berserk, Trog's Hand, Renounce Religion


You were on level 6 of the Dungeon.
You worshipped Trog.
Trog was pleased with you.
You were hungry.

You visited 1 branch of the dungeon, and saw 6 of its levels.

You collected 68 gold pieces.

Inventory:

Hand Weapons
 a - a +1 hand axe of chopping (weapon)
 e - a +0 hand axe
 j - a +0 war axe
Armour
 b - a +0 animal skin (worn)
 g - a cursed +0 pair of gloves (worn)
 h - a +0 large shield
Wands
 i - a wand of paralysis (6)
Potions
 f - a potion of degeneration
Comestibles
 c - 4 rations
 d - 4 chunks of flesh


   Skills:
 + Level 6.8 Fighting
 + Level 6.7 Axes
 + Level 3.3 Armour
 + Level 4.0 Dodging
 + Level 0.3 Stealth


You had 6 spell levels left.
You didn't know any spells.
Your spell library was empty.

Dungeon Overview and Level Annotations

Branches:
Dungeon (6/15)
 Temple: D:4-7

Altars:


Innate Abilities, Weirdness & Mutations

You reflexively headbutt those who attack you in melee.
You have a pair of horns on your head.


Message History

* * * LOW HITPOINT WARNING * * *
The jackal bites you.
* * * LOW HITPOINT WARNING * * *
Unknown command.
Unknown command.
You hit the orc but do no damage. You hit the adder skeleton.
You barely miss the bullfrog. You miss the jackal. x2
You barely miss something. The bullfrog hits you.
* * * LOW HITPOINT WARNING * * *
The jackal barely misses you.
The jackal bites you but does no damage.
The orc barely misses you. The adder skeleton bites you.
* * * LOW HITPOINT WARNING * * *
Something hits you but does no damage.
Unknown command.
Unknown command.
You're too confused to move!
You feel less confused. The bullfrog hits you!
You die...

...%... #
#..../.... ....
......... .....
........# (.....
.......## >.....
#........
....oh##o.......
$...hh{@Z........
.#####hhF...?....
## #...#.#....
...##...#.#..##
....W.....#..#
.........#...##
.#.......>.#..#
##...#.....#.#
#.......#....######


You could see a phantom, a bullfrog, a howler monkey, 2 orcs, 4 jackals and an
adder skeleton.

Vanquished Creatures
  Sigmund (D:2)
  An ice beast (D:6)
  An ogre (D:6)
  A bullfrog (D:6)
  A crimson imp (D:6)
  A hound (D:6)
  A bullfrog skeleton (D:6)
  An orc wizard (D:6)
  Jessica (D:3)
  A worker ant (D:6)
  An adder (D:3)
  A shadow imp (D:6)
  2 leopard geckos
  An orc (D:6)
  3 bats (D:3)
  2 goblins (D:3)
  2 hobgoblins
  A quokka (D:6)
  A frilled lizard (D:3)
  A kobold (D:3)
25 creatures vanquished.

Notes
Turn   | Place    | Note
-------+----------+-------------------------------------------
     0 | D:1      | emperorscorpion the Minotaur Berserker began the quest for
                  | the Orb.
     0 | D:1      | Reached XP level 1. HP: 19/19 MP: 0/0
    36 | D:2      | Noticed Sigmund
    42 | D:2      | Killed Sigmund
    42 | D:2      | Reached skill level 5 in Fighting
    42 | D:2      | Reached skill level 5 in Axes
    42 | D:2      | Reached XP level 2. HP: 29/29 MP: 1/1
    42 | D:2      | Reached XP level 3. HP: 36/36 MP: 2/2
    42 | D:2      | Reached XP level 4. HP: 42/42 MP: 3/3
    42 | D:2      | Reached XP level 5. HP: 48/48 MP: 4/4
    53 | D:3      | Noticed Jessica
    62 | D:3      | Killed Jessica
   228 | D:5      | Entered Level 5 of the Dungeon
   253 | D:6      | Noticed an ogre
   253 | D:6      | Noticed an ice beast
   264 | D:6      | Killed an ice beast
   264 | D:6      | Reached XP level 6. HP: 57/57 MP: 5/5
   275 | D:6      | Reached XP level 7. HP: 54/64 MP: 6/6
   293 | D:6      | Reached ** piety under Trog
   298 | D:6      | Slain by a bullfrog

Levels and vault maps discovered:
D:1:      tarquinn_simple_flora_water_b, layout_rooms
D:2:      layout_basic, nicolae_tso_swordbearing_angel, uniq_natasha,
          uniq_sigmund
D:3:      layout_rooms, nicolae_overflow_hidden_temple, grunt_gozag_breadcrumbs,
          uniq_jessica
D:4:      layout_basic, serial_shops, shop, hangedman_decor_lopped
D:5:      layout_basic, lemuel_doored_altar, minmay_temple_entry_trees,
          first_ration, hangedman_decor_points
D:6:      layout_rooms, marbit_many_paths, eat_drink_and_be_merry_uskayaw,
          fedhas_bush_and_centaur_altar, uniq_duvessa

Skill      XL: |  1  2  3  4  5  6  7 |
---------------+----------------------+-----
Fighting       | 5 6 |  6.8
Axes           | 5 6 |  6.7
Armour         | 3 |  3.3
Dodging        | 3 4 |  4.0
Stealth        | |  0.3

Action                   |  1- 3 |  4- 6 |  7- 9 || total
-------------------------+-------+-------+-------++-------
Melee: Hand axe          |     4 |    31 |     7 ||    42
       Headbutt          |       |     5 |       ||     5
Invok: Berserk           |     1 |     2 |       ||     3
Evoke: Wand              |       |       |     1 ||     1
  Use: Potion            |       |       |     1 ||     1
Armor: Animal skin       |     1 |     6 |     8 ||    15
Dodge: Dodged            |     1 |    26 |    26 ||    53

Table legend:
 A = Non-vault XP
 B = Vault XP
 C = Vault XP percentage of total XP
 D = Non-vault monster count
 E = Vault monster count
 F = Vault count percentage of total count
                 A         B        C        D         E       F
            +---------+---------+-------+---------+---------+-------
      Total |     599 |     268 |  30.9 |      23 |       2 |   8.0
            +---------+---------+-------+---------+---------+-------
        D:2 |       2 |     231 |  99.1 |       1 |       1 |  50.0
        D:3 |      28 |      37 |  56.9 |      10 |       1 |   9.1
        D:6 |     569 |       0 |   0.0 |      12 |       0 |   0.0
            +---------+---------+-------+---------+---------+-------
